[Event "Titled Tuesday Blitz April 12 Late 2022"]
[White "Rozman, Levy"]
[Black "Obrien, Matthew"]
[WhiteFideId "2039877"]
[BlackFideId "2059150"]
[WhiteElo "2734"]
[BlackElo "2325"]
[Result "1-0"]
[Round "02"]
[TimeControl "180+1"]
[Date "2022.04.13"]
[WhiteClock "0:00:36"]
[BlackClock "0:00:08"]

1. d4 e6 2. Nf3 c5 3. g3 cxd4 4. Nxd4 Nc6 5. Bg2 Nf6 6. O-O d5 7. c4 Bc5 8. Nb3 Bb6 9. c5 Bc7 10. Nc3 h6 11. a3 O-O 12. Nb5 Be5 13. N5d4 Bd7 14. h3 Rc8 15. Be3 Re8 16. Rc1 Nxd4 17. Nxd4 a5 18. b4 axb4 19. axb4 Bxd4 20. Bxd4 e5 21. Bb2 Bc6 22. Qb3 d4 23. b5 Bxg2 24. Kxg2 Ne4 25. Qf3 Nxc5 26. Rfd1 b6 27. e3 e4 28. Qg4 Ne6 29. exd4 Rxc1 30. Rxc1 Qd5 31. Kh2 Nxd4 32. Rd1 Rd8 33. Rxd4 Qxd4 34. Bxd4 1-0


[Site "https://www.chess.com"]

[Event "Titled Tuesday Blitz April 12 Late 2022"]
[White "Rustemov, Alexander"]
[Black "Friedel, Tom"]
[WhiteFideId "4119002"]
[BlackFideId "2002108"]
[WhiteElo "2789"]
[BlackElo "2401"]
[Result "1-0"]
[Round "02"]
[TimeControl "180+1"]
[Date "2022.04.13"]
[WhiteClock "0:00:48"]
[BlackClock "0:00:49"]

1. d4 d5 2. c4 e6 3. Nc3 Nf6 4. cxd5 exd5 5. Bg5 c6 6. e3 Bd6 7. Bd3 O-O 8. Qc2 h6 9. Bh4 Re8 10. Nf3 Nbd7 11. O-O Qe7 12. Nd2 Nf8 13. Rae1 Qe6 14. f3 g5 15. Bf2 c5 16. dxc5 Bxc5 17. Nb3 Bb6 18. Nd4 Qe7 19. Nf5 Bxf5 20. Bxf5 Ne6 21. Na4 Ba5 22. Rd1 Rac8 23. Qd3 Qb4 24. Nc3 Qxb2 25. Nxd5 Nxd5 26. Qxd5 Rcd8 27. Qxa5 Rxd1 28. Rxd1 Qe2 29. Qd2 1-0


[Site "https://www.chess.com"]

[Event "Titled Tuesday Blitz April 12 Late 2022"]
[White "Rytenko, Vsevolod"]
[Black "Babazada, Khazar"]
[WhiteFideId "14133040"]
[BlackFideId "13413554"]
[WhiteElo "2120"]
[BlackElo "2406"]
[Result "0-1"]
[Round "02"]
[TimeControl "180+1"]
[Date "2022.04.12"]
[WhiteClock "0:00:20"]
[BlackClock "0:00:19"]

1. e4 Nf6 2. e5 Nd5 3. d4 d6 4. Nf3 Nb6 5. exd6 cxd6 6. Be2 g6 7. O-O Bg7 8. Re1 O-O 9. h3 Nc6 10. c3 e5 11. Na3 e4 12. Nd2 d5 13. Nf1 f5 14. Bf4 g5 15. Bc1 f4 16. Bg4 Bd7 17. Nh2 Kh8 18. Bxd7 Nxd7 19. Qg4 Qe7 20. h4 gxh4 21. Bxf4 Qf7 22. Bd6 Rg8 23. Qxh4 Qe6 24. Bg3 Ne7 25. Nb5 Raf8 26. Nc7 Qf7 27. Ng4 Nf5 28. Qh2 Nxg3 29. fxg3 Nc5 30. dxc5 Qxc7 31. Qh5 Qxc5+ 32. Kh2 Qc8 33. Rad1 Rf5 34. Qh3 Qe8 35. Kg1 Rh5 36. Ne3 Rxh3 37. gxh3 Bh6 38. Ng4 Qe6 39. Kg2 Bg5 40. Rf1 h5 41. Nh2 Qe5 42. Kh1 Qxg3 43. Rg1 Qxh3 44. Rxd5 Bf4 45. Rxg8+ Kxg8 0-1


[Site "https://www.chess.com"]

[Event "Titled Tuesday Blitz April 12 Late 2022"]
[White "Sadilek, Peter"]
[Black "Sheng, Joshua"]
[WhiteFideId "1616439"]
[BlackFideId "2057360"]
[WhiteElo "2312"]
[BlackElo "2945"]
[Result "0-1"]
[Round "02"]
[TimeControl "180+1"]
[Date "2022.04.13"]
[WhiteClock "0:00:04"]
[BlackClock "0:00:14"]

1. d4 Nf6 2. c4 e6 3. g3 c5 4. Nf3 cxd4 5. Nxd4 d5 6. Bg2 e5 7. Nf3 d4 8. O-O Nc6 9. e3 Be7 10. exd4 exd4 11. Bf4 O-O 12. Ne5 Qb6 13. Re1 Be6 14. Nd2 Rad8 15. Qb3 Qxb3 16. axb3 Nxe5 17. Bxe5 Bb4 18. Bxf6 gxf6 19. Red1 Bg4 20. Bf3 Bxf3 21. Nxf3 Bc5 22. Ne1 a6 23. Nd3 Bd6 24. Kg2 Rfe8 25. Kf3 Kg7 26. Re1 Re6 27. Re4 Bf8 28. Nf4 Rb6 29. Rd1 Rxb3+ 30. Kg4 Rxb2 31. Rexd4 Rxd4 32. Rxd4 Rxf2 33. h4 b5 34. cxb5 axb5 35. Nh5+ Kh6 36. Nf4 b4 37. Rd8 Be7 38. Rd7 Bc5 39. Rxf7 Bd4 40. Ne6 Be5 41. Nf8 f5+ 42. Kh3 Bg7 43. Ne6 Be5 44. Nf8 Bg7 45. Ne6 b3 46. Nxg7 b2 47. Rb7 b1=Q 48. Rxb1 Kxg7 49. Rb7+ Kg6 50. Rb6+ Kg7 51. Rb7+ Kg8 52. Rb6 Kf7 53. Rb7+ Ke6 54. Rb6+ Ke5 55. Rb5+ Ke4 56. Rb4+ Kf3 57. Rf4+ Ke3 58. Rxf2 Kxf2 59. g4 f4 60. g5 f3 61. h5 Ke2 62. g6 hxg6 63. hxg6 f2 64. Kg4 f1=Q 65. Kh5 Qf6 66. Kh6 Qh8+ 67. Kg5 Qg7 0-1


[Site "https://www.chess.com"]

[Event "Titled Tuesday Blitz April 12 Late 2022"]
[White "Sailer, Mike"]
[Black "Mickiewicz, Piotr"]
[WhiteFideId "2012901"]
[BlackFideId "1114891"]
[WhiteElo "2109"]
[BlackElo "2266"]
[Result "0-1"]
[Round "02"]
[TimeControl "180+1"]
[Date "2022.04.13"]
[WhiteClock "0:00:03"]
[BlackClock "0:00:19"]

1. d4 e6 2. Nf3 Nf6 3. Bf4 b6 4. e3 Bb7 5. Be2 Be7 6. O-O Nh5 7. Bg3 d6 8. c4 Nd7 9. Nc3 a6 10. a4 a5 11. Re1 O-O 12. Bd3 g6 13. Nd2 Nxg3 14. hxg3 Bf6 15. Qe2 Bg7 16. Rad1 f5 17. Nf3 e5 18. dxe5 dxe5 19. Bc2 e4 20. Nd4 Qe8 21. Nd5 Rc8 22. b4 axb4 23. Nxb4 Nc5 24. Nd5 Kh8 25. a5 bxa5 26. Rb1 c6 27. Nb6 Rc7 28. Qd2 Ne6 29. Nxe6 Qxe6 30. Qxa5 Rcf7 31. c5 Re7 32. Bb3 Qe5 33. Red1 Qc3 34. Nd7 Qxa5 35. Nxf8 Bxf8 36. Rd8 Kg7 37. Rbd1 Ba6 38. R1d6 Bd3 39. Rxc6 Qxd8 0-1


[Site "https://www.chess.com"]

[Event "Titled Tuesday Blitz April 12 Late 2022"]
[White "Sarana, Alexey"]
[Black "Abdyzhapar, Asylbek"]
[WhiteFideId "24133795"]
[BlackFideId "13800337"]
[WhiteElo "2666"]
[BlackElo "2331"]
[Result "1-0"]
[Round "02"]
[TimeControl "180+1"]
[Date "2022.04.12"]
[WhiteClock "0:01:03"]
[BlackClock "0:00:07"]

1. d4 Nf6 2. c4 g6 3. Nc3 Bg7 4. e4 d6 5. Be2 O-O 6. Be3 e5 7. d5 a5 8. g4 Na6 9. g5 Nd7 10. h4 f5 11. gxf6 Nxf6 12. h5 Nc5 13. hxg6 hxg6 14. Bxc5 dxc5 15. Qd3 a4 16. O-O-O Ra6 17. a3 Bd7 18. Kb1 Rb6 19. Nf3 Nh5 20. Qe3 Qe7 21. Rdg1 Nf4 22. Bd1 c6 23. Bxa4 Ra8 24. Nh4 cxd5 25. Nxd5 Nxd5 26. cxd5 Rxa4 27. Nxg6 Qf6 28. Qxc5 Qd6 29. Ne7+ Kf7 30. Rh7 Qxc5 31. Rgxg7+ Ke8 32. Rg8# 1-0


[Site "https://www.chess.com"]

[Event "Titled Tuesday Blitz April 12 Late 2022"]
[White "Shapiro, David"]
[Black "Ansh M Shah"]
[WhiteFideId "24133523"]
[BlackFideId "25033379"]
[WhiteElo "2320"]
[BlackElo "1819"]
[Result "1-0"]
[Round "02"]
[TimeControl "180+1"]
[Date "2022.04.13"]
[WhiteClock "0:00:47"]
[BlackClock "0:00:09"]

1. d4 Nf6 2. Nc3 d5 3. Bf4 c6 4. e3 Bf5 5. f3 Bg6 6. g4 h6 7. h4 e6 8. h5 Bh7 9. Bd3 Bxd3 10. Qxd3 Bd6 11. Nge2 Qc7 12. O-O-O Nbd7 13. Bxd6 Qxd6 14. e4 dxe4 15. Nxe4 Nxe4 16. fxe4 e5 17. Ng3 exd4 18. Nf5 Qe5 19. Qxd4 O-O-O 20. Nd6+ Kb8 21. Rhf1 Qxd4 22. Rxd4 Ne5 23. Rdd1 Rd7 24. Nf5 Rxd1+ 25. Kxd1 g6 26. Ne3 Kc7 27. Ke2 Kd7 28. a4 a5 29. c3 Ke6 30. b4 axb4 31. cxb4 Ra8 32. a5 c5 33. Nd5 Kd6 34. Rf6+ Kd7 35. Nb6+ Ke7 36. Nxa8 Kxf6 37. bxc5 Ke7 38. Nb6 Kd8 39. g5 hxg5 40. h6 f5 41. h7 Nf7 42. e5 Nh8 43. e6 Ke7 44. c6 bxc6 45. a6 Kxe6 46. a7 Kf7 47. a8=Q Kg7 48. Qg8+ Kh6 49. Qxh8 g4 50. Qg8 Kg5 51. h8=Q f4 52. Qe5+ Kh4 53. Qxf4 Kh3 54. Qh8+ Kg2 55. Qhh2# 1-0


[Site "https://www.chess.com"]

[Event "Titled Tuesday Blitz April 12 Late 2022"]
[White "Shuvalova, Polina"]
[Black "Grave, Jacob Templen"]
[WhiteFideId "24171760"]
[BlackFideId "1542656"]
[WhiteElo "2355"]
[BlackElo "1737"]
[Result "1-0"]
[Round "02"]
[TimeControl "180+1"]
[Date "2022.04.13"]
[WhiteClock "0:01:29"]
[BlackClock "0:00:11"]

1. d4 Nf6 2. Nf3 g6 3. c4 Bg7 4. Nc3 O-O 5. Bg5 d6 6. e3 Nbd7 7. Bd3 c6 8. Qc2 e5 9. Rd1 Qc7 10. O-O h6 11. Bh4 g5 12. Bg3 Nh5 13. Bh7+ Kh8 14. Bf5 Nxg3 15. hxg3 Nf6 16. dxe5 dxe5 17. Rd2 g4 18. Nh4 Bxf5 19. Nxf5 Rad8 20. Rfd1 Rxd2 21. Qxd2 Re8 22. e4 Kh7 23. b3 Kg6 24. Qe2 h5 25. c5 Qa5 26. Qe3 Rd8 27. Rd6 Bf8 28. Nh4+ Kh7 29. Rxf6 Qxc5 30. Rh6+ Kg8 31. Qg5+ Bg7 32. Nf5 1-0


[Site "https://www.chess.com"]

[Event "Titled Tuesday Blitz April 12 Late 2022"]
[White "Silvestre, Christian"]
[Black "Afshar, Niusha"]
[WhiteFideId "30956269"]
[BlackFideId "12509892"]
[WhiteElo "2429"]
[BlackElo "1862"]
[Result "1-0"]
[Round "02"]
[TimeControl "180+1"]
[Date "2022.04.13"]
[WhiteClock "0:00:16"]
[BlackClock "0:00:19"]

1. e4 c5 2. Nc3 Nc6 3. Bc4 e6 4. d3 d5 5. exd5 exd5 6. Bxd5 Bd7 7. Nf3 Nf6 8. Qe2+ Be7 9. O-O O-O 10. Bb3 a6 11. Re1 Bd6 12. Bg5 h6 13. Bh4 Re8 14. Qd2 Nd4 15. Nxd4 cxd4 16. Ne4 Nxe4 17. Rxe4 Qb6 18. Rae1 Rxe4 19. Rxe4 Bc6 20. Re1 Qc5 21. Bg3 Bxg3 22. hxg3 b5 23. Qf4 Rf8 24. Re5 Qd6 25. Rf5 Qd7 26. g4 a5 27. a3 a4 28. Ba2 g6 29. Rf6 Kg7 30. Rd6 Qb7 31. Qf6+ Kh7 32. Rxc6 Re8 33. Qxf7+ Qxf7 34. Bxf7 Re1+ 35. Kh2 Rb1 36. Bxg6+ Kg7 37. Be4 Rxb2 38. f4 Ra2 39. Rb6 Rxa3 40. Rxb5 Rc3 41. Ra5 a3 42. g5 hxg5 43. fxg5 Rxc2 44. Rxa3 Rf2 45. Ra7+ Kg8 46. g6 Rf6 47. Kg3 Rd6 48. Kf4 1-0


[Site "https://www.chess.com"]

[Event "Titled Tuesday Blitz April 12 Late 2022"]
[White "Simonovic, Miroslav"]
[Black "Przybylski, Wojciech"]
[WhiteFideId "919152"]
[BlackFideId "1117599"]
[WhiteElo "2043"]
[BlackElo "2133"]
[Result "0-1"]
[Round "02"]
[TimeControl "180+1"]
[Date "2022.04.13"]
[WhiteClock "0:00:22"]
[BlackClock "0:01:02"]

1. d4 Nf6 2. Bg5 e6 3. e4 h6 4. Bxf6 Qxf6 5. Nf3 d6 6. c4 g5 7. h3 Bg7 8. Nc3 c6 9. e5 Qe7 10. exd6 Qxd6 11. Qd2 Qf4 12. Qxf4 gxf4 13. Ne2 c5 14. O-O-O cxd4 15. Nexd4 O-O 16. Nb5 Nc6 17. Nbd4 e5 18. Nxc6 bxc6 19. Bd3 f5 20. Bc2 Be6 21. Rd6 Bxc4 22. Rxc6 Rac8 23. Rxc8 Rxc8 24. Bxf5 Be6+ 25. Bc2 Bxa2 26. Rd1 Bb3 27. Ne1 e4 28. Rd7 a5 29. Re7 Bd5 30. Ra7 Rc5 31. f3 Bd4 32. fxe4 Bxe4 33. Kd1 Rxc2 34. Nxc2 Bxa7 35. Ne1 Bd4 36. b3 Kg7 37. Kd2 Kf6 38. Nf3 Bxf3 39. gxf3 Kg5 0-1


[Site "https://www.chess.com"]

[Event "Titled Tuesday Blitz April 12 Late 2022"]
[White "Sjugirov, Sanan"]
[Black "Volkov, Maksim"]
[WhiteFideId "4189302"]
[BlackFideId "54123070"]
[WhiteElo "2602"]
[BlackElo "2081"]
[Result "1-0"]
[Round "02"]
[TimeControl "180+1"]
[Date "2022.04.12"]
[WhiteClock "0:00:40"]
[BlackClock "0:00:56"]

1. e4 c5 2. Nf3 d6 3. d4 cxd4 4. Qxd4 Nc6 5. Bb5 Nf6 6. Bg5 Qa5+ 7. Nc3 Qxb5 8. Nxb5 Nxd4 9. Nfxd4 Kd8 10. f3 a6 11. Nc3 Bd7 12. O-O-O Kc7 13. Rhe1 e6 14. Rd3 h6 15. Be3 Be7 16. Red1 Rhc8 17. Nb3 Rd8 18. Na5 b5 19. Ne2 Rac8 20. Ba7 Be8 21. Nf4 e5 22. Ne2 Kd7 23. Bb6 Ke6 24. Bxd8 Rxd8 25. Nc3 Rc8 26. a3 Rc5 27. Nb7 Rc6 28. Nd5 Bf8 29. Nd8+ 1-0


[Site "https://www.chess.com"]

[Event "Titled Tuesday Blitz April 12 Late 2022"]
[White "Sochacki, Christophe"]
[Black "Minko, Dmitry"]
[WhiteFideId "662569"]
[BlackFideId "24188468"]
[WhiteElo "2685"]
[BlackElo "2426"]
[Result "0-1"]
[Round "02"]
[TimeControl "180+1"]
[Date "2022.04.13"]
[WhiteClock "0:00:28"]
[BlackClock "0:01:11"]

1. b3 Nf6 2. Bb2 d5 3. Nf3 c5 4. g3 e6 5. Bg2 b6 6. O-O Bb7 7. c4 Nbd7 8. d4 dxc4 9. bxc4 cxd4 10. Nxd4 Bxg2 11. Kxg2 Qc7 12. Na3 Bc5 13. Nab5 Qb7+ 14. f3 a6 15. Nc3 O-O 16. Nb3 Be7 17. e4 Rac8 18. Qe2 Ne5 19. Nd2 Rfd8 20. f4 Rxd2 21. Qxd2 Nxc4 22. Qe2 Nxb2 23. Qxb2 Nxe4 24. Nxe4 Qxe4+ 25. Kh3 Qf5+ 26. Kg2 Rc2+ 27. Qxc2 Qxc2+ 28. Rf2 Qe4+ 29. Rf3 Bc5 30. Rf1 Qe2+ 31. Kh3 Qxa2 32. Rd3 h5 33. f5 exf5 34. Rf4 g6 35. Kh4 Qg2 36. Kg5 Kg7 37. Rff3 Bd6 38. h3 f6+ 39. Kh4 g5+ 40. Kxh5 Qxh3# 0-1


[Site "https://www.chess.com"]

[Event "Titled Tuesday Blitz April 12 Late 2022"]
[White "Song, Michael"]
[Black "Petrova, Irina"]
[WhiteFideId "2613190"]
[BlackFideId "14124122"]
[WhiteElo "2274"]
[BlackElo "1993"]
[Result "1/2-1/2"]
[Round "02"]
[TimeControl "180+1"]
[Date "2022.04.13"]
[WhiteClock "0:00:06"]
[BlackClock "0:00:13"]

1. e4 d6 2. d4 Nf6 3. Nc3 e5 4. Nf3 Nbd7 5. Bc4 Be7 6. O-O O-O 7. Re1 c6 8. a4 h6 9. Bf1 Re8 10. a5 Bf8 11. h3 exd4 12. Nxd4 Nc5 13. f3 d5 14. e5 Nfd7 15. f4 Ne6 16. Nf3 Bc5+ 17. Kh1 Ndf8 18. f5 Ng5 19. Nxg5 hxg5 20. Bd3 Bd4 21. Qg4 Rxe5 22. Bxg5 Rxe1+ 23. Rxe1 Bf6 24. Bxf6 Qxf6 25. Re8 Bxf5 26. Rxf8+ Rxf8 27. Qxf5 Qxf5 28. Bxf5 Re8 29. Kg1 Re1+ 30. Kf2 Ra1 31. b4 Ra3 32. Ne2 Ra4 33. c3 Ra2 34. Ke3 Kf8 35. g3 Ke7 36. Bd3 Kd6 37. Nd4 g6 38. h4 Ra3 39. Kd2 Ra2+ 40. Bc2 Ra1 41. Nf3 b6 42. axb6 axb6 43. g4 Rh1 44. Ke3 c5 45. bxc5+ bxc5 46. Bd3 Rh3 47. c4 dxc4 48. Bxc4 f5 49. g5 Ke7 50. Bf1 Rh1 51. Kf2 c4 52. Bxc4 Ra1 53. Ke3 Ra3+ 54. Ke2 Ra4 55. Bd3 Kf8 56. Ke3 Kg7 57. Nd4 Kh7 58. Nf3 Kg7 59. h5 gxh5 60. Bxf5 h4 61. Be4 h3 62. Nh2 Ra2 63. Ng4 h2 64. Kf4 Rb2 65. Kg3 Rb4 66. Bf3 Kg6 67. Nxh2 Kxg5 68. Nf1 Rb3 69. Kf2 Rxf3+ 70. Kxf3 1/2-1/2


[Site "https://www.chess.com"]

[Event "Titled Tuesday Blitz April 12 Late 2022"]
[White "Soysal, Serkan"]
[Black "Rasulov, Vugar"]
[WhiteFideId "6349250"]
[BlackFideId "13402390"]
[WhiteElo "2440"]
[BlackElo "2560"]
[Result "0-1"]
[Round "02"]
[TimeControl "180+1"]
[Date "2022.04.12"]
[WhiteClock "0:00:23"]
[BlackClock "0:02:12"]

1. Nf3 d5 2. g3 c6 3. Bg2 Bg4 4. O-O Nd7 5. d4 Ngf6 6. c4 e6 7. cxd5 exd5 8. Nc3 Bd6 9. Nh4 O-O 10. f3 Bh5 11. Qd2 c5 12. Nf5 cxd4 13. Nxd4 Re8 14. e3 Bg6 15. Ncb5 Bf8 16. b3 a6 17. Nc3 Rc8 18. Bb2 Nc5 19. Nce2 Qe7 20. Rac1 Nd3 21. Rxc8 Rxc8 22. Bc3 Re8 23. Nf4 Qxe3+ 24. Qxe3 Rxe3 25. Nxg6 hxg6 26. Rd1 Bc5 27. Kf1 Nf4 28. Bd2 Nxg2 29. Kxg2 Bxd4 30. Bxe3 Bxe3 31. Kf1 d4 32. Ke2 Nd5 33. Kd3 Nb4+ 34. Kc4 Nxa2 35. b4 Nc3 36. Rd3 b5+ 37. Kb3 0-1


[Site "https://www.chess.com"]

[Event "Titled Tuesday Blitz April 12 Late 2022"]
[White "Srdanovic, Jovana"]
[Black "Martic, Ivan"]
[WhiteFideId "954810"]
[BlackFideId "929301"]
[WhiteElo "2089"]
[BlackElo "2317"]
[Result "0-1"]
[Round "02"]
[TimeControl "180+1"]
[Date "2022.04.13"]
[WhiteClock "0:00:02"]
[BlackClock "0:00:20"]

1. d4 Nf6 2. c4 d6 3. Nc3 Nbd7 4. Nf3 g6 5. Bg5 Bg7 6. e3 c6 7. Be2 O-O 8. O-O a6 9. Rc1 Re8 10. Bh4 h6 11. b4 g5 12. Bg3 Nh5 13. Nd2 Nxg3 14. fxg3 Nf6 15. Nde4 a5 16. Nxf6+ Bxf6 17. b5 Bd7 18. Ne4 Bg7 19. Bh5 Rf8 20. bxc6 bxc6 21. g4 Rb8 22. Rb1 Rb4 23. Rxb4 axb4 24. Ng3 e6 25. Ne4 Qe7 26. c5 d5 27. Ng3 e5 28. Qd3 exd4 29. exd4 Be6 30. Kh1 Qa7 31. Qe2 Bxd4 32. Nf5 Bxf5 33. gxf5 Bf6 34. h4 Kg7 35. Rf3 Qxc5 36. Rg3 Qc1+ 37. Kh2 Qf4 38. Qg4 Be5 39. hxg5 hxg5 40. f6+ Kxf6 41. Kh3 Qxg3+ 42. Qxg3 Bxg3 0-1


[Site "https://www.chess.com"]

[Event "Titled Tuesday Blitz April 12 Late 2022"]
[White "Stearman, Josiah"]
[Black "Holt, Conrad"]
[WhiteFideId "2062496"]
[BlackFideId "2034387"]
[WhiteElo "2402"]
[BlackElo "2586"]
[Result "0-1"]
[Round "02"]
[TimeControl "180+1"]
[Date "2022.04.12"]
[WhiteClock "0:00:16"]
[BlackClock "0:00:28"]

1. e4 e6 2. d3 d5 3. Qe2 dxe4 4. dxe4 e5 5. Nf3 Nd7 6. c3 Ngf6 7. Qc2 Bd6 8. Bg5 h6 9. Bh4 g5 10. Bg3 Nh5 11. Nbd2 Nxg3 12. hxg3 Nb6 13. O-O-O Be6 14. Kb1 Qf6 15. Nc4 Nxc4 16. Qa4+ Bd7 17. Qxc4 g4 18. Ne1 Qxf2 19. Nd3 Qb6 20. Nxe5 Bxe5 21. Rxd7 Kxd7 22. Qxf7+ Kd8 23. Be2 Qf6 24. Rd1+ Kc8 25. Qd7+ Kb8 26. Bxg4 a5 27. Be6 Ra6 28. Bd5 Rb6 0-1


[Site "https://www.chess.com"]

[Event "Titled Tuesday Blitz April 12 Late 2022"]
[White "Suarez Uriel, Adrian"]
[Black "Maranhao,Jose Renato Ruiz"]
[WhiteFideId "22230874"]
[BlackFideId "2135175"]
[WhiteElo "2316"]
[BlackElo "1970"]
[Result "1-0"]
[Round "02"]
[TimeControl "180+1"]
[Date "2022.04.13"]
[WhiteClock "0:01:34"]
[BlackClock "0:00:02"]

1. d4 d5 2. c4 e6 3. Nc3 Nf6 4. e3 c6 5. Nf3 Nbd7 6. Bd3 dxc4 7. Bxc4 b5 8. Bd3 Bb7 9. e4 Be7 10. O-O O-O 11. e5 Nd5 12. Ne4 Re8 13. Nfg5 h6 14. Qh5 hxg5 15. Nd6 Bxd6 16. Qh7+ Kf8 17. Qh8+ Ke7 18. Bxg5+ N7f6 19. Qxg7 Kd7 20. exd6 Kxd6 21. Qxf7 Rf8 22. Qxb7 a5 23. Rac1 Rc8 24. Rfe1 Rg8 25. Bh4 Qf8 26. Bg3+ e5 27. dxe5+ 1-0


[Site "https://www.chess.com"]

[Event "Titled Tuesday Blitz April 12 Late 2022"]
[White "Suder, Jakub"]
[Black "Bluebaum, Matthias"]
[WhiteFideId "1195310"]
[BlackFideId "24651516"]
[WhiteElo "2058"]
[BlackElo "2550"]
[Result "0-1"]
[Round "02"]
[TimeControl "180+1"]
[Date "2022.04.12"]
[WhiteClock "0:00:18"]
[BlackClock "0:01:15"]

1. d4 Nf6 2. c4 e6 3. Nc3 Bb4 4. Qb3 c5 5. dxc5 Na6 6. a3 Qa5 7. Bd2 Bxc5 8. e3 Qd8 9. Qc2 O-O 10. Nf3 d5 11. b4 Be7 12. cxd5 exd5 13. Nd4 Bg4 14. Bd3 Rc8 15. O-O Nb8 16. Qa4 Qb6 17. Rac1 Nc6 18. Nf5 Bxf5 19. Bxf5 Rcd8 20. Qb5 d4 21. Qxb6 axb6 22. Ne4 Nd5 23. Rfd1 dxe3 24. Bxe3 Nxe3 25. fxe3 g6 26. Bd7 Ne5 27. Bb5 f5 28. Nc3 Bg5 29. Nd5 Ng4 30. Bc4 Kh8 31. Re1 Rfe8 32. Rc3 Re5 33. h3 Nxe3 34. Nxe3 Rde8 35. Kf1 Bxe3 36. Be2 Bd2 0-1


[Site "https://www.chess.com"]

[Event "Titled Tuesday Blitz April 12 Late 2022"]
[White "Svane, Frederik"]
[Black "Melikhov, Evgeny V."]
[WhiteFideId "12923044"]
[BlackFideId "4122046"]
[WhiteElo "2832"]
[BlackElo "2408"]
[Result "1-0"]
[Round "02"]
[TimeControl "180+1"]
[Date "2022.04.13"]
[WhiteClock "0:01:05"]
[BlackClock "0:00:27"]

1. e4 e5 2. Nf3 Nc6 3. Bb5 a6 4. Ba4 Nf6 5. O-O Nxe4 6. d4 b5 7. Bb3 d5 8. dxe5 Be6 9. Be3 Be7 10. c3 O-O 11. Nbd2 Qd7 12. Bc2 f5 13. exf6 Nxf6 14. a4 Bf5 15. Nb3 Bxc2 16. Qxc2 Bd6 17. Qd3 Ne5 18. Nxe5 Bxe5 19. h3 c6 20. Nc5 Qf7 21. Bd4 Bd6 22. b4 Rae8 23. Nxa6 Ne4 24. axb5 cxb5 25. Nc5 Qf4 26. g3 Qg5 27. Ra7 Rf7 28. Qxb5 Ref8 29. Nxe4 Rxa7 30. Nxg5 1-0


[Site "https://www.chess.com"]

[Event "Titled Tuesday Blitz April 12 Late 2022"]
[White "Szalay, Karoly"]
[Black "Gharibyan, Mamikon"]
[WhiteFideId "2600544"]
[BlackFideId "13308300"]
[WhiteElo "2446"]
[BlackElo "2756"]
[Result "0-1"]
[Round "02"]
[TimeControl "180+1"]
[Date "2022.04.13"]
[WhiteClock "0:00:07"]
[BlackClock "0:00:03"]

1. e4 e5 2. Nf3 Nc6 3. Nc3 Nf6 4. Bb5 Bd6 5. O-O a6 6. Ba4 O-O 7. d3 h6 8. h3 b5 9. Bb3 Bc5 10. Be3 d6 11. Ne2 Bxe3 12. fxe3 Na5 13. Ng3 Nxb3 14. axb3 a5 15. Qe1 a4 16. bxa4 bxa4 17. Ra3 Bd7 18. Qc3 Qb8 19. Rfa1 Qb6 20. Kf2 c5 21. b3 d5 22. Nxe5 Be6 23. Rxa4 Rac8 24. Ra6 Qb7 25. Ra7 Qb8 26. R1a6 d4 27. exd4 cxd4 28. Qa5 Rxc2+ 29. Kg1 Qxb3 30. Qa3 Qb1+ 31. Kh2 Qe1 32. Rxe6 Kh7 33. Rxf6 Qd2 34. Rxh6+ gxh6 35. Ne2 Qxe2 36. Kg3 Qf2+ 37. Kg4 Rg8+ 38. Kh5 Rg5# 0-1


[Site "https://www.chess.com"]

[Event "Titled Tuesday Blitz April 12 Late 2022"]
[White "Tari, Aryan"]
[Black "Le Goff, Ronan"]
[WhiteFideId "1510045"]
[BlackFideId "612073"]
[WhiteElo "2858"]
[BlackElo "2506"]
[Result "1-0"]
[Round "02"]
[TimeControl "180+1"]
[Date "2022.04.13"]
[WhiteClock "0:01:12"]
[BlackClock "0:00:02"]

1. e4 e5 2. Nf3 Nc6 3. d4 exd4 4. Nxd4 Bc5 5. Be3 Qf6 6. Nb5 Bxe3 7. fxe3 Qd8 8. Qg4 Kf8 9. Qf4 d6 10. Bc4 Ne5 11. O-O Nf6 12. Bb3 a6 13. N5c3 Bd7 14. Nd2 Qe7 15. Nf3 Ng6 16. Qg3 Be6 17. Ng5 Bxb3 18. axb3 h6 19. Nd5 Qe5 20. Qxe5 Nxe5 21. Nf3 Nxd5 22. Nxe5 dxe5 23. exd5 f6 24. c4 Ke7 25. c5 Rhd8 26. e4 b6 27. b4 bxc5 28. bxc5 Rab8 29. Rxa6 Rxb2 30. Re6+ Kf7 31. Rxe5 Rc2 32. c6 Rc4 33. Re6 Rc2 34. g3 Rb8 35. Rf2 Rbb2 36. Rxc2 Rxc2 37. h4 h5 38. Kf1 Rc1+ 39. Ke2 Rc3 40. Kd2 Rxg3 41. d6 cxd6 42. c7 Rg2+ 43. Kd3 Rg3+ 44. Kd4 Rg1 45. c8=Q Rd1+ 46. Ke3 1-0


[Site "https://www.chess.com"]

[Event "Titled Tuesday Blitz April 12 Late 2022"]
[White "Tillyaev, Ulugbek"]
[Black "Yoo, Christopher Woojin"]
[WhiteFideId "14202441"]
[BlackFideId "30909694"]
[WhiteElo "2377"]
[BlackElo "2105"]
[Result "0-1"]
[Round "02"]
[TimeControl "180+1"]
[Date "2022.04.12"]
[WhiteClock "0:00:06"]
[BlackClock "0:00:07"]

1. c4 Nf6 2. Nc3 g6 3. g3 Bg7 4. Bg2 O-O 5. Nf3 d6 6. d4 Bf5 7. Nh4 Bc8 8. O-O Nc6 9. d5 Ne5 10. b3 c6 11. Bb2 Bd7 12. Qd2 a5 13. h3 a4 14. f4 a3 15. Bc1 Neg4 16. hxg4 Nxg4 17. Rb1 Qb6+ 18. e3 Nxe3 19. Kh1 Nxf1 20. Bxf1 Bxc3 21. Qxc3 Qf2 22. Bd2 cxd5 23. Qe3 Qxe3 24. Bxe3 dxc4 25. Bxc4 Rfc8 26. Re1 b5 27. Bd5 Bc6 28. Bxc6 Rxc6 29. Bd4 Rc2 30. Rxe7 Rxa2 31. Nf3 Rb2 32. Ng5 Rb1+ 33. Kg2 a2 34. Rxf7 a1=Q 35. Rg7+ Kf8 36. Nxh7+ Ke8 37. Nf6+ Kf8 38. Nd7+ Ke8 39. Nf6+ Kd8 40. Bxa1 Raxa1 41. Rxg6 Rb2+ 42. Kh3 Rxb3 43. Nd5 Kd7 44. f5 Rf1 45. f6 Rd3 46. Rg5 Rd4 47. Nf4 Rdxf4 48. gxf4 Rxf4 49. Rxb5 Rxf6 50. Kg4 Ke6 51. Kg5 Rf1 52. Rb8 d5 53. Re8+ Kd6 54. Rd8+ Ke5 55. Rc8 Ke4 56. Kg4 d4 57. Re8+ Kd3 58. Rd8 Ke3 59. Kg3 d3 60. Re8+ Kd2 61. Kg2 Rf7 62. Rd8 Ke2 63. Rc8 d2 64. Re8+ Kd1 65. Rd8 Rf5 66. Re8 Kc2 67. Rc8+ Kd3 68. Rd8+ Ke3 69. Re8+ Kd4 70. Rd8+ Rd5 71. Rxd5+ Kxd5 72. Kf2 d1=Q 73. Ke3 Qg4 74. Kd3 Qf3+ 75. Kd2 Kd4 76. Ke1 Qg2 77. Kd1 Kd3 0-1


[Site "https://www.chess.com"]

[Event "Titled Tuesday Blitz April 12 Late 2022"]
[White "Urazayev, Arystanbek"]
[Black "Sellitti, Federico"]
[WhiteFideId "13709810"]
[BlackFideId "821829"]
[WhiteElo "2422"]
[BlackElo "2563"]
[Result "1-0"]
[Round "02"]
[TimeControl "180+1"]
[Date "2022.04.12"]
[WhiteClock "0:00:46"]
[BlackClock "0:00:08"]

1. d4 d5 2. c4 Nc6 3. e3 e5 4. Nc3 exd4 5. exd4 Nf6 6. Nf3 Be7 7. cxd5 Nxd5 8. Bc4 Be6 9. Bb3 O-O 10. O-O Qd7 11. Re1 Bf6 12. Ne4 Be7 13. Ba4 Bd6 14. Ne5 Bxe5 15. dxe5 Nde7 16. Qxd7 Bxd7 17. Nc5 Bc8 18. e6 fxe6 19. Nxe6 Bxe6 20. Rxe6 Rae8 21. Bg5 Nf5 22. Rae1 Rxe6 23. Rxe6 Ncd4 24. Re1 b5 25. Bd1 c5 26. Re5 h6 27. Bd2 Rd8 28. Ba5 Nc6 29. Bxd8 Nxe5 30. Kf1 Kf7 31. Be2 a6 32. f4 Nd7 33. Bf3 Nd4 34. Bb7 Nb6 35. Bxb6 1-0


[Site "https://www.chess.com"]